3AAA
GRYFINDOR BRAVES @ SALT LAKE CITY BUZZ
08/18/2034
 
TOP OF THE 1ST
Gryfindor Braves batting - Pitching for Salt Lake City Buzz : LHP Eurauraga Attunga
Pitching: LHP Eurauraga Attunga
Batting: LHB Tyler Knopp 0-0: Ground out 4-3 (Groundball, 4)
Batting: RHB Javier López 0-0: Foul Ball, location: 2F
0-1: Foul Ball, location: 2F
0-2: Ball
1-2: Foul Ball, location: 2F
1-2: Ground out 5-3 (Groundball, 56)
Batting: RHB Akke Derksen 0-0: Ball
1-0: Ball
2-0: Ball
3-0: Base on Balls
Batting: LHB Austin Hathaway 0-0: Ball
1-0: Fly out, F4 (Flyball, 34D)
Top of the 1st over - 0 runs, 0 hits, 0 errors, 1 left on base; Gryfindor 0 - Salt Lake City 0
BOTTOM OF THE 1ST
Salt Lake City Buzz batting - Pitching for Gryfindor Braves : LHP Javier Roldán
Pitching: LHP Javier Roldán
Batting: RHB Germán Espantoso 0-0: Fly out, F3 (Popup, 34)
Batting: RHB Christian Gentry 0-0: Ball
1-0: Ground out 6-3 (Groundball, 6)
Batting: RHB Bill Chaundler 0-0: Ball
1-0: Called Strike
1-1: Ball
2-1: Ball
3-1: Foul Ball, location: 2F
3-2: Strikes out swinging
Bottom of the 1st over - 0 runs, 0 hits, 0 errors, 0 left on base; Gryfindor 0 - Salt Lake City 0
TOP OF THE 2ND
Gryfindor Braves batting - Pitching for Salt Lake City Buzz : LHP Eurauraga Attunga
Batting: RHB Randy Rehling 0-0: Ball
1-0: Ball
2-0: Foul Ball, location: 2F
2-1: Fly out, F9 (Flyball, 9D)
Batting: LHB Robby Young 0-0: Ball
1-0: Foul Ball, location: 2F
1-1: Ball
2-1: Foul Ball, location: 2F
2-2: Strikes out swinging
Batting: LHB Cris Gonzáles 0-0: Called Strike
0-1: Ball
1-1: Ball
2-1: Foul Ball, location: 2F
2-2: Foul Ball, location: 2F
2-2: Fly out, F2 (Popup, 25F)
Top of the 2nd over - 0 runs, 0 hits, 0 errors, 0 left on base; Gryfindor 0 - Salt Lake City 0
BOTTOM OF THE 2ND
Salt Lake City Buzz batting - Pitching for Gryfindor Braves : LHP Javier Roldán
Batting: RHB Carlos Muńóz 0-0: Fly out, F2 (Popup, 23F)
Batting: RHB Hui-ying Sun 0-0: Ball
1-0: Called Strike
1-1: Foul Ball, location: 2F
1-2: Fly out, F8 (Flyball, 8RS)
Batting: RHB Scott Ramsey 0-0: Swinging Strike
0-1: Foul Ball, location: 2F
0-2: Ball
1-2: DOUBLE (Line Drive, 78XD)
Batting: LHB Orlando Casillas 0-0: Foul Ball, location: 2F
0-1: Ball
1-1: Foul Ball, location: 2F
1-2: SINGLE (Line Drive, 6M)
Scott Ramsey to third
Batting: RHB Vicente Cruz 0-0: Ball
1-0: SINGLE (Line Drive, 4D)
Scott Ramsey scores
Orlando Casillas to second
Batting: RHB Olaf Esveld 0-0: Ground out 5-3 (Groundball, 56)
Bottom of the 2nd over - 1 run, 3 hits, 0 errors, 2 left on base; Gryfindor 0 - Salt Lake City 1
TOP OF THE 3RD
Gryfindor Braves batting - Pitching for Salt Lake City Buzz : LHP Eurauraga Attunga
Batting: RHB Bob Petiet 0-0: Ball
1-0: Swinging Strike
1-1: Called Strike
1-2: Ball
2-2: Strikes out looking
Batting: RHB Ernesto Souza 0-0: Ball
1-0: Ball
2-0: Ball
3-0: Called Strike
3-1: Ground out 6-3 (Groundball, 6)
Batting: LHB Tyler Knopp 0-0: Ball
1-0: Foul Ball, location: 2F
1-1: Ball
2-1: Foul Ball, location: 2F
2-2: Ball
3-2: Foul Ball, location: 2F
3-2: SINGLE (Groundball, 5L) (infield hit)
Batting: RHB Javier López 0-0: Called Strike
0-1: Swinging Strike
0-2: Strikes out swinging
Top of the 3rd over - 0 runs, 1 hit, 0 errors, 1 left on base; Gryfindor 0 - Salt Lake City 1
BOTTOM OF THE 3RD
Salt Lake City Buzz batting - Pitching for Gryfindor Braves : LHP Javier Roldán
Batting: RHB Germán Espantoso 0-0: Foul Ball, location: 2F
0-1: Foul Ball, location: 2F
0-2: Ball
1-2: Ground out 4-3 (Groundball, 4)
Batting: RHB Christian Gentry 0-0: Ball
1-0: Swinging Strike
1-1: Called Strike
1-2: Strikes out swinging
Batting: RHB Bill Chaundler 0-0: Called Strike
0-1: Fly out, F3 (Popup, 3)
Bottom of the 3rd over - 0 runs, 0 hits, 0 errors, 0 left on base; Gryfindor 0 - Salt Lake City 1
TOP OF THE 4TH
Gryfindor Braves batting - Pitching for Salt Lake City Buzz : LHP Eurauraga Attunga
Batting: RHB Akke Derksen 0-0: Called Strike
0-1: SINGLE (Line Drive, 4M)
Batting: LHB Austin Hathaway 0-0: Foul Ball, location: 2F
0-1: SINGLE (Line Drive, 6M)
Akke Derksen to second
Batting: RHB Randy Rehling 0-0: Foul Ball, location: 2F
0-1: DOUBLE (Line Drive, 7LD)
Akke Derksen scores
Austin Hathaway to third
Batting: LHB Robby Young 0-0: Swinging Strike
0-1: Ball
1-1: Ground out 4-3 (Groundball, 4)
Austin Hathaway scores
Randy Rehling to third
Batting: LHB Cris Gonzáles 0-0: Called Strike
0-1: Swinging Strike
0-2: Ball
1-2: Strikes out swinging
Batting: RHB Bob Petiet 0-0: Ball
1-0: Called Strike
1-1: Ball
2-1: Ball
3-1: Base on Balls
Batting: RHB Ernesto Souza 0-0: Fielders Choice at 2nd, 5-4 (Groundball, 56)
Top of the 4th over - 2 runs, 3 hits, 0 errors, 2 left on base; Gryfindor 2 - Salt Lake City 1
BOTTOM OF THE 4TH
Salt Lake City Buzz batting - Pitching for Gryfindor Braves : LHP Javier Roldán
Batting: RHB Carlos Muńóz 0-0: DOUBLE (Flyball, 89XD)
Batting: RHB Hui-ying Sun 0-0: Foul Ball, location: 2F
0-1: Called Strike
0-2: Ball
1-2: Ground out 5-3 (Groundball, 56)
Batting: RHB Scott Ramsey 0-0: Swinging Strike
0-1: Ball
1-1: 2-RUN HOME RUN (Flyball, 78XD), Distance : 434 ft
Batting: LHB Orlando Casillas 0-0: Foul Ball, location: 2F
0-1: Ball
1-1: Foul Ball, location: 2F
1-2: Foul Ball, location: 2F
1-2: Foul Ball, location: 2F
1-2: Ball
2-2: Foul Ball, location: 2F
2-2: Strikes out swinging
Batting: RHB Vicente Cruz 0-0: Foul Ball, location: 2F
0-1: Swinging Strike
0-2: Ball
1-2: Ball
2-2: Foul Ball, location: 2F
2-2: Fly out, F8 (Flyball, 89M)
Bottom of the 4th over - 2 runs, 2 hits, 0 errors, 0 left on base; Gryfindor 2 - Salt Lake City 3
TOP OF THE 5TH
Gryfindor Braves batting - Pitching for Salt Lake City Buzz : LHP Eurauraga Attunga
Batting: LHB Tyler Knopp 0-0: Called Strike
0-1: Ball
1-1: Foul Ball, location: 2F
1-2: Fly out, F8 (Flyball, 89D)
Batting: RHB Javier López 0-0: Ball
1-0: Ball
2-0: SINGLE (Line Drive, 89S)
Batting: RHB Akke Derksen 0-0: Ball
1-0: Ball
2-0: Called Strike
2-1: Called Strike
2-2: Fly out, F9 (Flyball, 89D)
Batting: LHB Austin Hathaway 0-0: Fly out, F8 (Flyball, 78D)
Top of the 5th over - 0 runs, 1 hit, 0 errors, 1 left on base; Gryfindor 2 - Salt Lake City 3
BOTTOM OF THE 5TH
Salt Lake City Buzz batting - Pitching for Gryfindor Braves : LHP Javier Roldán
Batting: RHB Olaf Esveld 0-0: Ball
1-0: Ball
2-0: Fly out, F6 (Line Drive, 6)
Batting: RHB Germán Espantoso 0-0: Called Strike
0-1: Ground out U3 (Groundball, 34S)
Batting: RHB Christian Gentry 0-0: Ball
1-0: Foul Ball, location: 2F
1-1: Swinging Strike
1-2: Fly out, F7 (Flyball, 78D)
Bottom of the 5th over - 0 runs, 0 hits, 0 errors, 0 left on base; Gryfindor 2 - Salt Lake City 3
TOP OF THE 6TH
Gryfindor Braves batting - Pitching for Salt Lake City Buzz : LHP Eurauraga Attunga
Batting: RHB Randy Rehling 0-0: Ball
1-0: Ball
2-0: SINGLE (Line Drive, 34D)
Pitching: RHP Hiroaki Nakagawa
Batting: LHB Robby Young 0-0: Bunted foul
0-1: Bunted foul
0-2: Strikes out looking
Batting: LHB Cris Gonzáles 0-0: Ball
1-0: Ball
2-0: Ball
3-0: Base on Balls
Randy Rehling to second
Batting: RHB Bob Petiet 0-0: Called Strike
0-1: Called Strike
0-2: Ball
1-2: Strikes out looking
Batting: RHB Ernesto Souza 0-0: Ball
1-0: Fly out, F9 (Flyball, 9D)
Top of the 6th over - 0 runs, 1 hit, 0 errors, 2 left on base; Gryfindor 2 - Salt Lake City 3
BOTTOM OF THE 6TH
Salt Lake City Buzz batting - Pitching for Gryfindor Braves : LHP Javier Roldán
Batting: RHB Bill Chaundler 0-0: Ball
1-0: DOUBLE (Line Drive, 9LM)
Batting: RHB Carlos Muńóz 0-0: Intentional Walk
Batting: RHB Hui-ying Sun 0-0: Called Strike
0-1: Called Strike
0-2: Fielders Choice at 2nd, 3-6 (Groundball, 34)
Bill Chaundler to third
Batting: RHB Scott Ramsey 0-0: Ball
1-0: Called Strike
1-1: Ball
2-1: Grounds into double play, 4-6-3 (Groundball, 4)
Bottom of the 6th over - 0 runs, 1 hit, 0 errors, 1 left on base; Gryfindor 2 - Salt Lake City 3
TOP OF THE 7TH
Gryfindor Braves batting - Pitching for Salt Lake City Buzz : RHP Hiroaki Nakagawa
Batting: LHB Tyler Knopp 0-0: Ball
1-0: Fly out, F9 (Flyball, 89M)
Batting: RHB Javier López 0-0: Ball
1-0: Swinging Strike
1-1: Foul Ball, location: 2F
1-2: Foul Ball, location: 2F
1-2: Strikes out swinging
Batting: RHB Akke Derksen 0-0: Ball
1-0: Foul Ball, location: 2F
1-1: Ball
2-1: Swinging Strike
2-2: Strikes out swinging, 2-3 out at first.
Top of the 7th over - 0 runs, 0 hits, 0 errors, 0 left on base; Gryfindor 2 - Salt Lake City 3
BOTTOM OF THE 7TH
Salt Lake City Buzz batting - Pitching for Gryfindor Braves : LHP Javier Roldán
Batting: LHB Orlando Casillas 0-0: Ball
1-0: Ball
2-0: SINGLE (Groundball, 34D)
Batting: RHB Vicente Cruz 0-0: Sac Bunt - play at first, batter OUT! 1-4
Orlando Casillas to second
Batting: RHB Olaf Esveld 0-0: Called Strike
0-1: Ball
1-1: Swinging Strike
1-2: Fly out, F6 (Line Drive, 6)
Batting: RHB Germán Espantoso 0-0: Ball
1-0: Fly out, F9 (Flyball, 9LMF)
Bottom of the 7th over - 0 runs, 1 hit, 0 errors, 1 left on base; Gryfindor 2 - Salt Lake City 3
TOP OF THE 8TH
Gryfindor Braves batting - Pitching for Salt Lake City Buzz : RHP Hiroaki Nakagawa
Now at 2B: Jung-hwan Kwon
Now in RF: Yoichibei Chikafuji
Batting: LHB Austin Hathaway 0-0: Ground out 4-3 (Groundball, 34S)
Batting: RHB Randy Rehling 0-0: Called Strike
0-1: Called Strike
0-2: Ball
1-2: Foul Ball, location: 2F
1-2: Foul Ball, location: 2F
1-2: Ball
2-2: Ball
3-2: Base on Balls
Pitching: RHP Shotaro Sugahara
Batting: LHB Robby Young 0-0: Ball
1-0: Foul Ball, location: 2F
1-1: Ball
2-1: Foul Ball, location: 2F
2-2: Grounds into double play, 4-6-3 (Groundball, 4)
Top of the 8th over - 0 runs, 0 hits, 0 errors, 0 left on base; Gryfindor 2 - Salt Lake City 3
BOTTOM OF THE 8TH
Salt Lake City Buzz batting - Pitching for Gryfindor Braves : LHP Javier Roldán
Batting: RHB Christian Gentry 0-0: Ball
1-0: Called Strike
1-1: Ground out 5-3 (Groundball, 56)
Batting: RHB Bill Chaundler 0-0: Fly out, F9 (Line Drive, 9D)
Batting: RHB Carlos Muńóz 0-0: DOUBLE (Line Drive, 7LS)
Batting: RHB Hui-ying Sun 0-0: Swinging Strike
0-1: Foul Ball, location: 2F
0-2: Ball
1-2: Ball
2-2: SINGLE (Line Drive, 7S)
Carlos Muńóz to third
Runner from 3rd tries for Home, SAFE, no throw
Batting: RHB Scott Ramsey 0-0: Called Strike
0-1: Ball
1-1: Ball
2-1: Foul Ball, location: 2F
2-2: Fly out, F7 (Flyball, 7S)
Bottom of the 8th over - 1 run, 2 hits, 0 errors, 1 left on base; Gryfindor 2 - Salt Lake City 4
TOP OF THE 9TH
Gryfindor Braves batting - Pitching for Salt Lake City Buzz : RHP Shotaro Sugahara
Batting: LHB Cris Gonzáles 0-0: Foul Ball, location: 2F
0-1: Foul Ball, location: 2F
0-2: Ball
1-2: Ball
2-2: Fly out, F6 (Popup, 6)
Batting: RHB Bob Petiet 0-0: Ball
1-0: Ball
2-0: Swinging Strike
2-1: Ground out 6-3 (Groundball, 6)
Batting: RHB Ernesto Souza 0-0: Ball
1-0: Foul Ball, location: 2F
1-1: Ball
2-1: Called Strike
2-2: Ground out 1-3 (Groundball, 13)
Top of the 9th over - 0 runs, 0 hits, 0 errors, 0 left on base; Gryfindor 2 - Salt Lake City 4
Friday, March 29th, 2019 - OOTP Baseball 18.8 Build 76